 Dungeon Crawl Stone Soup version 0.25.1-11-g244df3a29b (webtiles) character file.

Game seed: 15945965148052762317

1476898 oldriver the Conqueror (level 27, 206/206 HPs)
             Began as a Centaur Skald on Jan 1, 2023.
             Was the Champion of Fedhas.
             Escaped with the Orb
             ... and 3 runes on Jan 2, 2023!
             The game lasted 03:34:31 (106299 turns).

oldriver the Conqueror (Centaur Skald)            Turns: 106299, Time: 03:34:33

Health: 206/206    AC: 32    Str: 30    XL:     27
Magic:  35/35      EV: 25    Int: 12    God:    Fedhas [******]
Gold:   5372       SH: 19    Dex: 21    Spells: 29/30 levels left

rFire    + . .     SeeInvis +   a - +9 demon trident (freeze)
rCold    + + +     Gourm    .   I - +5 kite shield {reflect}
rNeg     + + .     Faith    .   v - +6 ring mail of Minor Irritation {rC- Dex+2 SInv Stlth+}
rPois    +         Spirit   .   Q - -2 hat of the Alchemist {rElec rPois rF+ rC+ rN+ MR+ rMut rCorr}
rElec    +         Reflect  +   V - +2 cloak {MR+}
rCorr    +         Harm     .   B - +2 pair of gloves "Cugrotu" {rC+ Slay+3}
rMut     +                      f - +4 centaur barding {Fly}
MR       ++++.                  n - amulet of Vitality {Regen+ HP+15}
Stlth    ++........             M - ring "Inogankihurch" {rPois rC+++ rN+ Str+6 Int-3}
HPRegen  0.84/turn              y - ring of Gousacox {rElec EV+4 Int+3 Dex+7}
MPRegen  0.24/turn

@: flying, very quick
A: large, hooves 3, deformed body, speed 2, frail 1[+2], tough skin 3
0: Orb of Zot
}: 3/15 runes: serpentine, barnacled, silver
a: Wall of Briars, Grow Ballistomycete, Overgrow, Grow Oklob, Renounce Religion,
Stop Flying


You escaped.
You worshipped Fedhas.
Fedhas was exalted by your worship.
You were not hungry.

You visited 11 branches of the dungeon, and saw 53 of its levels.
You also visited: Ice Cave.

You collected 8112 gold pieces.
You spent 2740 gold pieces at shops.

Inventory:

Hand Weapons
 a - a +9 demon trident of freezing (weapon)
 b - the +8 hand crossbow of Woe {vorpal, rPois MR+ Int+3}
   (You found it on level 8 of the Dungeon)

   Any bolt fired from it inflicts extra damage.
   It affects your intelligence (+3).
   It protects you from poison.
   It affects your resistance to hostile enchantments.
Missiles
 c - 1485 bolts
Armour
 f - a +4 centaur barding of flying (worn)
 v - the +6 ring mail of Minor Irritation (worn) {rC- Dex+2 SInv Stlth+}
   (You found it on level 4 of the Vaults)

   It affects your dexterity (+2).
   It makes you vulnerable to cold.
   It lets you see invisible.
   It makes you more stealthy.
 B - the +2 pair of gloves "Cugrotu" (worn) {rC+ Slay+3}
   (You found it on level 3 of the Elven Halls)

   It affects your accuracy and damage with ranged weapons and melee attacks
   (+3).
   It protects you from cold.
 I - a +5 kite shield of reflection (worn)
 Q - the -2 hat of the Alchemist (worn) {rElec rPois rF+ rC+ rN+ MR+ rMut rCorr}
   (You found it on level 3 of the Elven Halls)

   It protects you from fire.
   It protects you from cold.
   It insulates you from electricity.
   It protects you from poison.
   It protects you from negative energy.
   It affects your resistance to hostile enchantments.
   It provides partial protection from all sources of acid and corrosion.
   It protects you from mutation.
 V - a +2 cloak of magic resistance (worn)
Jewellery
 i - an uncursed ring of stealth
 n - the amulet of Vitality (around neck) {Regen+ HP+15}
   (You found it on level 4 of the Depths)

   [amulet of regeneration]

   It affects your health (+15).
   It increases your rate of regeneration.
 s - an uncursed amulet of guardian spirit {unknown}
 t - an uncursed ring of protection from fire {unknown}
 y - the ring of Gousacox (right hand) {rElec EV+4 Int+3 Dex+7}
   (You bought it in a shop on level 2 of the Orcish Mines)

   [ring of evasion]

   It affects your evasion (+4).
   It affects your intelligence (+3).
   It affects your dexterity (+7).
   It insulates you from electricity.
 M - the ring "Inogankihurch" (left hand) {rPois rC+++ rN+ Str+6 Int-3}
   (You found it on level 1 of the Lair of Beasts)

   [ring of strength]

   It affects your strength (+6).
   It affects your intelligence (-3).
   It renders you almost immune to cold.
   It protects you from poison.
   It protects you from negative energy.
Wands
 g - a wand of paralysis (26)
 j - a wand of iceblast (47)
 k - a wand of digging (13)
 r - a wand of flame (8)
 D - a wand of polymorph (16)
 P - a wand of clouds (6)
 U - a wand of acid (49)
 X - a wand of disintegration (58)
Scrolls
 e - 5 scrolls of blinking
 m - 9 scrolls of fog
 u - 9 scrolls of fear
 w - 2 scrolls of enchant armour
 E - a scroll of holy word
 F - 21 scrolls of identify
 H - 3 scrolls of summoning
 K - 29 scrolls of teleportation
 N - 2 scrolls of magic mapping
 S - 2 scrolls of remove curse
Potions
 h - 3 potions of invisibility
 l - 5 potions of might
 o - 13 potions of curing
 q - 6 potions of heal wounds
 z - 2 potions of resistance
 A - 3 potions of ambrosia
 C - 2 potions of haste
 G - 2 potions of berserk rage
 J - 8 potions of stabbing
 L - 4 potions of mutation
 W - 2 potions of cancellation
Miscellaneous
 p - a tin of tremorstones (3/3)
 x - 5 boxes of beasts
 O - a lightning rod (4/4)
 Z - a phial of floods
Comestibles
 d - 75 rations


   Skills:
 O Level 27 Fighting
 - Level 14.0 Polearms
   Level 2.2(3.0) Slings
   Level 9.1 Bows
 - Level 10.0 Crossbows
 - Level 3.0(3.3) Throwing
 + Level 17.4 Armour
 + Level 17.4 Dodging
 - Level 7.0 Stealth
 - Level 10.0 Shields
 - Level 2.0 Spellcasting
 - Level 3.0 Charms
 - Level 17.0 Invocations
 - Level 14.0 Evocations


You had 29 spell levels left.
You knew the following spells:

 Your Spells              Type           Power        Failure   Level  Hunger
a - Infusion              Chrm           #...         10%         1    ##.....

Your spell library contained the following spells:

 Spells                   Type           Power        Failure   Level  Hunger
 Song of Slaying          Chrm           #.......     14%         2    ###....
 Shroud of Golubria       Chrm/Tloc      #.....       26%         2    ###....
 Swiftness                Chrm/Air       #.......     26%         2    ###....
 Animate Skeleton         Necr           N/A          32%         1    ##.....
 Apportation              Tloc           #.....       32%         1    ##.....
 Beastly Appendage        Tmut           #.....       32%         1    ##.....
 Corona                   Hex            #......      32%         1    ##.....
 Foxfire                  Conj/Fire      #...         32%         1    ##.....
 Magic Dart               Conj           #...         32%         1    ##.....
 Pain                     Necr           #...         32%         1    ##.....
 Sandblast                Erth           #.....       32%         1    ##.....
 Sting                    Tmut/Pois      #...         32%         1    ##.....
 Summon Butterflies       Summ           #.......     32%         1    ##.....
 Summon Small Mammal      Summ           #...         32%         1    ##.....
 Blink                    Tloc           N/A          45%         2    ###....
 Call Imp                 Summ           #.......     45%         2    ###....
 Corpse Rot               Necr/Air       N/A          45%         2    ###....
 Ensorcelled Hibernation  Hex/Ice        #.....       45%         2    ###....
 Passwall                 Tmut/Erth      #.......     45%         2    ###....
 Poisonous Vapours        Pois/Air       #.....       45%         2    ###....
 Searing Ray              Conj           #.....       45%         2    ###....
 Slow                     Hex            #.......     45%         2    ###....
 Sticks to Snakes         Tmut           #.......     45%         2    ###....
 Ozocubu's Armour         Chrm/Ice       #.......     47%         3    ####...
 Spectral Weapon          Hex/Chrm       #.......     47%         3    ####...
 Confusing Touch          Hex            #.......     69%         3    ####...
 Conjure Flame            Conj/Fire      #.......     69%         3    ####...
 Dazzling Flash           Conj/Hex       #.....       69%         3    ####...
 Frozen Ramparts          Ice            #.....       69%         3    ####...
 Gell's Gravitas          Tloc           #.........   69%         3    ####...
 Ignite Poison            Fire/Tmut/Pois #.......     69%         3    ####...
 Inner Flame              Hex/Fire       #.......     69%         3    ####...
 Lesser Beckoning         Tloc           #.........   69%         3    ####...
 Mephitic Cloud           Conj/Pois/Air  #.......     69%         3    ####...
 Portal Projectile        Hex/Tloc       #.....       69%         3    ####...
 Spider Form              Tmut/Pois      #.........   69%         3    ####...
 Stone Arrow              Conj/Erth      #.....       69%         3    ####...
 Teleport Other           Tloc           #.......     69%         3    ####...
 Tukima's Dance           Hex            #.......     69%         3    ####...
 Vampiric Draining        Necr           #.........   69%         3    ####...
 Animate Dead             Necr           N/A          97%         4    #####..
 Cause Fear               Hex            #.........   97%         4    #####..
 Fulminant Prism          Conj/Hex       #.........   97%         4    #####..
 Ice Form                 Ice/Tmut       #.......     97%         4    #####..
 Iskenderun's Mystic Bla  Conj/Tloc      #.......     97%         4    #####..
 Leda's Liquefaction      Hex/Erth       #.........   97%         4    #####..
 Olgreb's Toxic Radiance  Pois           #.......     97%         4    #####..
 Petrify                  Tmut/Erth      #.......     97%         4    #####..
 Sticky Flame             Conj/Fire      #.......     97%         4    #####..
 Iskenderun's Battlesphe  Conj/Chrm      #.......     99%         5    ######.
 Agony                    Necr           #.......     100%        5    ######.
 Alistair's Intoxication  Tmut/Pois      #.......     100%        5    ######.
 Blade Hands              Tmut           #.........   100%        5    ######.
 Bolt of Magma            Conj/Fire/Erth #.........   100%        5    ######.
 Lee's Rapid Deconstruct  Erth           #.........   100%        5    ######.
 Metabolic Englaciation   Hex/Ice        #.........   100%        5    ######.
 Silence                  Hex/Air        #.........   100%        5    ######.
 Summon Forest            Summ/Tloc      #.........   100%        5    ######.
 Yara's Violent Unravell  Hex/Tmut       #.........   100%        5    ######.
 Darkness                 Hex            #.........   100%        6    #######
 Eringya's Noxious Bog    Tmut/Pois      #.........   100%        6    #######
 Hydra Form               Tmut           #.........   100%        6    #######
 Invisibility             Hex            #.......     100%        6    #######
 Iron Shot                Conj/Erth      #.........   100%        6    #######
 Dragon Form              Tmut           #.........   100%        7    #######
 Haunt                    Necr/Summ      #.........   100%        7    #######
 Orb of Destruction       Conj           #.........   100%        7    #######
 Ring of Flames           Chrm/Fire      #.........   100%        7    #######
 Spellforged Servitor     Conj/Summ      #.........   100%        7    #######
 Summon Hydra             Summ           #.........   100%        7    #######
 Borgnjor's Revivificati  Necr           #.........   100%        8    #######
 Death's Door             Chrm/Necr      #.........   100%        8    #######
 Discord                  Hex            #.........   100%        8    #######
 Ignition                 Fire           #.........   100%        8    #######
 Infestation              Necr           #.........   100%        8    #######
 Necromutation            Tmut/Necr      #.........   100%        8    #######
 Dragon's Call            Summ           #.........   100%        9    #######
 Passage of Golubria      Tloc           Unusable     N/A         4    N/A

Dungeon Overview and Level Annotations

Branches:
Dungeon (15/15)            Temple (1/1) D:4            Lair (6/6) D:10
 Shoals (4/4) Lair:2        Snake (4/4) Lair:4        Slime (0/5) Lair:5
    Orc (2/2) D:12            Elf (3/3) Orc:2        Vaults (5/5) D:14
  Crypt (3/3) Vaults:2     Depths (5/5) D:15            Zot (5/5) Depths:5
  IceCv (visited)
   Tomb: Crypt:3

Altars:
Ashenzari
Cheibriados
Dithmenos
Elyvilon
Fedhas
Gozag
Hepliaklqana
Kikubaaqudgha
Makhleb
Nemelex Xobeh
Okawaru
Qazlal
Ru
Sif Muna
Trog
Uskayaw
Vehumet
Wu Jian
Xom
Yredelemnul
Zin
The Shining One

Shops:
Orc:2 }%=!   Elf:1 %   Snake:4 [   Vaults:5 %!?%

Portals:
Hell: Lair:6 Depths:1 Depths:2 Depths:3 Depths:4 Depths:5
Abyss: Depths:4
Pandemonium: Depths:3
Ziggurat: Depths:4
Trove: Elf:3 (give +6 demon whip)

Annotations:
Shoals:4 2 runed translucent doors, reptisaurus's ghost, adept HaAr
Elf:2 3 runed translucent doors
Depths:1 1 runed translucent door
Depths:2 1 runed translucent door, Djon's ghost, adept FoAK
Depths:3 2 runed translucent doors, radhat240's ghost, adept MiFi


Innate Abilities, Weirdness & Mutations

You have hooves in place of feet.
Armour fits poorly on your strangely shaped body.
You cover ground very quickly.
You have extremely tough skin. (AC +3)
[You are extremely frail. (-30% HP)]


Message History

There is a stone staircase leading down here.
Things that are here:
a +0 chain mail; a +0 ring mail
Things that are here:
a +0 falchion; a +0 scale mail
Items here: ))) [ a cursed +0 robe; a cursed -2 dagger; a +0 flail; a +0 short sword
There is a stone staircase leading up here.
You fly upwards.
There is a stone staircase leading down here.
There is a stone staircase leading up here.
You fly upwards.
There is a stone staircase leading down here.
You reach down and open the door.
There is an open door here.
A tormentor comes into view.
The tormentor moves out of view.
There is an open door here.
There is a staircase leading out of the dungeon here.
You have escaped!

...........# ### #.# #...
...........############.# #...
..........##○○°☼☼°☼§☼##.######...
..........# °≈☼≈≈°§°≈≈#.#........
########'##≈○○#○○○○#≈≈#.#........
#.##○≈☼☼°≈○°°≈≈#.#........
#.##°○≈ ☼☼°≈§≈≈#.#........
#.##############.######...
########...+....@....'..# ####
..........#############.#
########..#≈°≈ ≈°°○°≈≈#.#
#........#≈°☼°°°☼§☼≈≈#.#
##.......##○°○#☼°○☼#°≈#.# ####
##.......## ○☼°○○°○≈≈≈#.######...
##.......# ≈☼§○≈°°○≈##...#......
.........##############...#......
.####..............#......'......


There were no monsters in sight!

Vanquished Creatures
  2 orbs of fire (Zot:5)
  9 ancient liches
  Mara (Shoals:4)
  A juggernaut (Depths:3)
  3 greater mummies (Depths:4)
  6 Killer Klowns
  Margery (Vaults:4)
  4 curse toes
  6 caustic shrikes
  Saint Roka (Snake:4)
  Nikola (Snake:2)
  14 golden dragons
  3 electric golems
  A Brimstone Fiend (Depths:4)
  Jorgrun (Orc:1)
  10 tentacled monstrosities
  10 quicksilver dragons
  A deep elf blademaster (Elf:2)
  27 Orb Guardians
  4 deep elf master archers (Elf:3)
  3 liches
  6 titans
  Frances (Snake:2)
  An Executioner (D:15)
  A kraken (Shoals:3)
  7 death cobs
  8 sphinxes
  5 ancient champions
  7 tengu reavers
  11 shadow dragons
  7 draconian monks
  12 storm dragons
  10 nagarajas
  A revenant (Crypt:2)
  15 frost giants
  Roxanne (Elf:2)
  Donald (Crypt:1)
  11 fire giants
  6 draconian knights
  5 ghost moths
  11 deep elf sorcerers
  15 vault wardens
  2 orc warlords
  2 draconian shifters (Zot:2)
  Louise (Depths:4)
  An iron dragon (Vaults:4)
  7 draconian scorchers
  10 draconian annihilators
  2 curse skulls
  16 ironheart preservers
  4 ghouls
  A spriggan defender (Depths:3)
  5 deep elf elementalists
  7 draconian stormcallers
  3 reapers
  21 stone giants
  A war gargoyle (Vaults:5)
  3 entropy weavers
  Nessos (Orc:2)
  2 vampire knights
  24 very ugly things
  12 green draconians
  20 black draconians
  10 deep elf demonologists
  7 white draconians
  A lorocyproca (Zot:3)
  9 purple draconians
  Azrael (Snake:1)
  14 red draconians
  8 deep elf annihilators
  10 yellow draconians
  A spark wasp (Depths:3)
  3 mummy priests (Depths:4)
  6 merfolk javelineers
  A crystal guardian (Vaults:4)
  2 eidola
  17 ettins
  10 fire dragons
  9 deep elf death magi
  4 merfolk impalers
  6 jiangshi
  21 yaktaur captains
  13 great orbs of eyes
  11 deep elf high priests
  A hell beast (Depths:4)
  Harold (D:7)
  10 rakshasas
  Fannar (Lair:3)
  28 vault guards
  Erolcha (D:10)
  13 ice dragons
  6 hydras
  10 naga warriors
  4 death knights
  6 spriggan air magi
  11 centaur warriors
  Erica (D:9)
  8 anacondas
  A catoblepas (Lair:5)
  9 dancing weapons
  4 deep troll shamans
  22 ogre magi
  7 satyrs
  50 two-headed ogres
  3 merfolk aquamancers (Shoals:3)
  6 deep troll earth magi
  8 vampire magi
  2 death yaks
  6 tengu warriors
  5 spriggan berserkers
  15 naga sharpshooters
  3 soul eaters
  2 sun demons
  5 shock serpents
  2 shock serpents (shapeshifter)
  4 orc high priests (Orc:2)
  24 deep elf knights
  20 hell knights
  An iron troll (Depths:3)
  11 skeletal warriors
  2 shadow wraiths
  4 unseen horrors
  2 salamander mystics
  A sea snake (shapeshifter) (Vaults:4)
  24 deep trolls
  A sixfirhy (Lair:6)
  A large abomination (Elf:1)
  3 glowing orange brains
  A torturous demonspawn (Depths:4)
  2 unseen horrors (shapeshifter)
  5 flayed ghosts
  16 orc knights
  15 sea snakes
  3 wizards
  3 naga ritualists
  8 necromancers
  2 orange crystal statues
  17 deep elf archers
  An infernal demonspawn (Depths:5)
  9 phantasmal warriors
  28 harpies
  13 ironbrand convokers
  7 mana vipers
  A mana viper (shapeshifter) (Vaults:1)
  A lindwurm (shapeshifter) (Vaults:3)
  5 wolf spiders
  A shadow dragon skeleton (Vaults:2)
  A frost giant zombie (Vaults:2)
  64 ugly things
  A harpy (shapeshifter) (D:9)
  3 orc sorcerers
  An iron dragon zombie (Depths:2)
  A fire giant zombie (Depths:2)
  9 salamanders
  2 cyclopes (shapeshifter)
  9 manticores
  69 deep elf magi
  21 fauns
  14 cyclopes
  8 merfolk sirens
  An eye of devastation (shapeshifter) (Vaults:2)
  6 elephants
  25 moths of wrath
  Joseph (D:7)
  An iron dragon skeleton (Crypt:2)
  31 black mambas
  7 guardian serpents
  A rust devil (Depths:4)
  18 vault sentinels
  5 water nymphs
  A guardian serpent (shapeshifter) (D:15)
  A torpor snail (shapeshifter) (Vaults:5)
  A spiny frog (shapeshifter) (Depths:3)
  A torpor snail (Lair:2)
  15 naga magi
  A gargoyle (D:14)
  Psyche (D:9)
  2 ice statues (IceCv)
  A storm dragon simulacrum (Vaults:3)
  2 elf zombies
  An orange demon (Lair:6)
  3 komodo dragons
  A hellion (Depths:4)
  13 spiny frogs
  49 yaktaurs
  4 rime drakes
  2 black draconian zombies (Crypt:1)
  A human zombie (Vaults:2)
  2 guardian mummies (Depths:4)
  3 red devils (Lair:6)
  8 freezing wraiths
  2 queen bees (shapeshifter) (Vaults:4)
  A hellwing (Lair:6)
  2 kobold demonologists
  10 ice devils
  A queen bee (Lair:2)
  2 jumping spiders (shapeshifter)
  20 merfolk
  A meliai (shapeshifter) (Vaults:2)
  6 tengu conjurers
  A merfolk (shapeshifter) (Vaults:2)
  6 hornets
  6 trolls
  4 wind drakes
  11 blink frogs
  30 slime creatures
  2 wind drakes (shapeshifter)
  A fire dragon zombie (Crypt:2)
  A dream sheep (shapeshifter) (Vaults:4)
  11 dream sheep
  14 snapping turtles
  12 hippogriffs
  34 water elementals
  3 spriggans
  4 flying skulls
  2 elf skeletons
  A tarantella (Vaults:2)
  A tarantella (shapeshifter) (Vaults:4)
  2 shadows
  A guardian serpent skeleton (Crypt:2)
  47 yaks
  Sigmund (D:2)
  3 redbacks
  5 air elementals
  2 yaks (shapeshifter)
  7 wraiths
  7 fire elementals
  5 basilisks
  Eustachio (D:5)
  6 wyverns
  Grum (D:8)
  2 basilisks (shapeshifter)
  A neqoxec (Zot:4)
  12 wargs
  A wind drake skeleton (Crypt:2)
  A naga (shapeshifter) (Vaults:5)
  A faun zombie (Crypt:1)
  4 acid dragons
  55 nagas
  11 water moccasins
  A floating eye (shapeshifter) (Vaults:3)
  A soldier ant (D:13)
  Duvessa (D:7)
  A water moccasin (shapeshifter) (Depths:2)
  A human skeleton (Depths:2)
  A meliai simulacrum (D:15)
  11 hell hounds
  A floating eye (Depths:2)
  9 porcupines
  4 sky beasts
  4 ice beasts
  A black bear (D:9)
  2 necrophages
  3 phantoms
  34 orc warriors
  A lindwurm zombie (Crypt:2)
  61 ogres
  5 boggarts (Vaults:3)
  34 centaurs
  7 wolves
  8 crocodiles
  2 big kobolds
  18 bullfrogs
  A glowing shapeshifter simulacrum (Vaults:5)
  2 earth elementals
  A salamander skeleton (Crypt:1)
  Dowan (D:7)
  5 scorpions
  2 wyvern skeletons
  2 yaktaur skeletons
  A water moccasin skeleton (Crypt:1)
  25 killer bees (Lair:2)
  5 wights (D:12)
  10 electric eels
  3 howler monkeys
  5 crimson imps
  2 centaur zombies
  8 hounds
  A lava snake (Lair:3)
  2 bullfrog zombies (D:12)
  A quasit (D:10)
  19 jellies
  32 orc wizards
  7 centaur skeletons
  28 orc priests
  An iron imp (Depths:3)
  3 bullfrog skeletons
  Ijyb (D:3)
  5 iguanas
  Natasha (thrice) (D:4)
  8 worker ants
  A killer bee zombie (D:8)
  A mummy (Depths:4)
  3 worker ant zombies
  9 adders
  A river rat (Lair:2)
  3 shadow imps
  15 white imps
  12 ufetubi (IceCv)
  2 oozes
  2 adder zombies
  2 adder skeletons
  4 worms (D:3)
  A barachi zombie (Crypt:1)
  A dart slug (D:3)
  4 leopard geckos
  108 orcs
  3 ball pythons
  2 bats (shapeshifter)
  6 giant cockroaches
  10 goblins
  9 hobgoblins
  6 jackals
  11 kobolds
  5 quokkas
  6 bats
  A dart slug zombie (Crypt:1)
  A frilled lizard (D:1)
  A quokka skeleton (D:7)
  5 rats
  4 tentacles (Shoals:3)
2458 creatures vanquished.

Vanquished Creatures (collateral kills)
  An ancient lich (Zot:5)
  Bai Suzhen (Crypt:1)
  An electric golem (Zot:5)
  A tentacled monstrosity (Zot:3)
  An ironheart preserver (Vaults:4)
  A yellow draconian (Zot:3)
  A purple draconian (Zot:3)
  A white draconian (Zot:3)
  A deep troll shaman (Vaults:4)
  A harpy (Vaults:4)
  A necromancer (Vaults:4)
  2 moths of wrath (Zot:5)
  2 orcs
  13 ballistomycete spores
28 creatures vanquished.

Vanquished Creatures (others)
  A draconian monk (Zot:3)
  A yellow draconian (Zot:2)
  A deep elf high priest (Elf:3)
  A naga sharpshooter (Snake:2)
  A deep elf knight (Elf:1)
  2 black mambas
  A water elemental (Elf:1)
  An ogre (Vaults:5)
  3 white imps (IceCv)
  3 ufetubi (IceCv)
  2 ballistomycete spores (Snake:4)
  8 fungi
  105 plants
  13 tentacles (Shoals:3)
143 creatures vanquished.

Grand Total: 2629 creatures vanquished

Notes
Turn   | Place    | Note
-------+----------+-------------------------------------------
     0 | D:1      | oldriver the Centaur Skald began the quest for the Orb.
     0 | D:1      | Reached XP level 1. HP: 17/17 MP: 3/3
   333 | D:1      | Reached XP level 2. HP: 24/24 MP: 2/4
  1376 | D:2      | Reached XP level 3. HP: 30/30 MP: 2/5
  1458 | D:2      | HP: 2/45 [poisoned by an adder]
  1464 | D:2      | HP: 2/45 [poisoned by an adder]
  2240 | D:2      | Reached skill level 1 in Throwing
  2313 | D:2      | Noticed Sigmund
  2322 | D:2      | Killed Sigmund
  2322 | D:2      | Reached skill level 3 in Fighting
  2322 | D:2      | Reached XP level 4. HP: 27/38 MP: 0/6
  2322 | D:2      | Reached XP level 5. HP: 32/45 MP: 0/7
  3177 | D:3      | Reached XP level 6. HP: 51/51 MP: 8/8
  3900 | D:3      | Noticed Ijyb
  3907 | D:3      | Paralysed by Ijyb for 6 turns
  3922 | D:3      | Killed Ijyb
  4211 | D:4      | Reached skill level 4 in Fighting
  4211 | D:4      | Reached skill level 5 in Polearms
  4300 | D:4      | Reached XP level 7. HP: 59/59 MP: 10/10
  4776 | D:4      | Noticed Natasha
  4782 | D:4      | Killed Natasha
  4918 | D:4      | Found a staircase to the Ecumenical Temple.
  4933 | Temple   | Entered the Ecumenical Temple
  5090 | Temple   | Became a worshipper of Fedhas Madash
  5209 | D:4      | Noticed Natasha
  5217 | D:4      | Killed Natasha
  5492 | D:4      | Noticed Natasha
  5499 | D:4      | Killed Natasha
  5936 | D:5      | Entered Level 5 of the Dungeon
  6162 | D:5      | Got a slimy leather armour
  6163 | D:5      | Identified the cursed +1 leather armour "Laevela" {rElec
                  | rPois Int+2 SInv} (You found it on level 5 of the Dungeon)
  6200 | D:5      | Reached skill level 5 in Fighting
  6319 | D:5      | Found a glowing golden altar of the Shining One.
  6319 | D:5      | Noticed Eustachio
  6363 | D:5      | Killed Eustachio
  6363 | D:5      | Reached XP level 8. HP: 28/68 MP: 0/11
  7520 | D:6      | Reached * piety under Fedhas
  7672 | D:6      | Reached skill level 1 in Invocations
  8281 | D:7      | Got a translucent trident
  8282 | D:7      | Identified the cursed +3 trident of Ivytitut {drain, rElec
                  | rN+ Dex+6} (You found it on level 7 of the Dungeon)
  8333 | D:7      | Reached skill level 6 in Fighting
  8628 | D:7      | Noticed Joseph
  8634 | D:7      | Killed Joseph
  8634 | D:7      | Reached XP level 9. HP: 78/78 MP: 12/12
  8926 | D:7      | Noticed Duvessa
  8926 | D:7      | Noticed Dowan
  8932 | D:7      | Killed Duvessa
  8932 | D:7      | Reached skill level 7 in Fighting
  8936 | D:7      | Killed Dowan
  9412 | D:7      | Noticed Harold
  9475 | D:7      | Killed Harold
  9475 | D:7      | Reached skill level 8 in Fighting
  9475 | D:7      | Reached skill level 10 in Polearms
 10124 | D:8      | Reached ** piety under Fedhas
 10156 | D:8      | Got a shimmering hand crossbow
 10258 | D:8      | Reached XP level 10. HP: 80/88 MP: 13/13
 10514 | D:8      | Noticed Grum
 10525 | D:8      | Killed Grum
 10537 | D:8      | Reached skill level 1 in Slings
 12196 | D:9      | Reached skill level 1 in Bows
 12198 | D:9      | Reached skill level 1 in Armour
 12342 | D:9      | Reached *** piety under Fedhas
 12951 | D:9      | Found a radiant altar of Vehumet.
 12951 | D:9      | Found a stormy altar of Qazlal.
 12958 | D:9      | Noticed a salamander
 12971 | D:9      | Noticed a harpy
 12981 | D:9      | Killed a harpy
 12981 | D:9      | Reached skill level 9 in Fighting
 13121 | D:9      | Noticed a yaktaur captain
 13137 | D:9      | Killed a yaktaur captain
 13137 | D:9      | Reached XP level 11. HP: 29/97 MP: 14/14
 13768 | D:9      | Noticed Erica
 13775 | D:9      | Killed Erica
 14034 | D:9      | Noticed Psyche
 14042 | D:9      | Killed Psyche
 14042 | D:9      | Reached skill level 5 in Bows
 14285 | D:10     | Entered Level 10 of the Dungeon
 14285 | D:10     | Noticed Erolcha
 14745 | D:10     | Reached **** piety under Fedhas
 14748 | D:10     | Noticed a two-headed ogre
 14755 | D:10     | Killed a two-headed ogre
 14925 | D:10     | Found a staircase to the Lair.
 15010 | D:10     | Reached skill level 10 in Fighting
 15231 | D:10     | Killed Erolcha
 15900 | Lair:1   | Entered Level 1 of the Lair of Beasts
 16509 | Lair:1   | Got a sparkling silver ring
 17469 | Lair:2   | Reached XP level 12. HP: 107/107 MP: 15/15
 18195 | Lair:2   | Got a warped golden ring
 18327 | Lair:2   | Reached ***** piety under Fedhas
 18706 | Lair:2   | Identified the Disquisition on Aid and Fire
 18889 | Lair:2   | Reached skill level 5 in Invocations
 19104 | Lair:2   | Got a spiked ring mail
 19883 | Lair:2   | Reached skill level 11 in Fighting
 19892 | Lair:2   | Found a staircase to the Shoals.
 20503 | Lair:2   | Identified the +8 hand crossbow of Woe {vorpal, rPois MR+
                  | Int+3} (You found it on level 8 of the Dungeon)
 20514 | Lair:2   | Identified the +4 ring mail "Cotompo" {Str+4} (You found it
                  | on level 2 of the Lair of Beasts)
 20515 | Lair:2   | Identified the ring "Inogankihurch" {rPois rC+++ rN+ Str+6
                  | Int-3} (You found it on level 1 of the Lair of Beasts)
 20517 | Lair:2   | Identified the ring of Toacicw {rC+ rN+ Int+2} (You found
                  | it on level 2 of the Lair of Beasts)
 21043 | Lair:3   | Reached skill level 1 in Crossbows
 21396 | Lair:3   | Noticed Fannar
 21422 | Lair:3   | Killed Fannar
 21615 | Lair:3   | Noticed a fire dragon
 22307 | Lair:4   | Noticed a five-headed hydra
 22311 | Lair:4   | Killed a five-headed hydra
 22331 | Lair:4   | Noticed a four-headed hydra
 22338 | Lair:4   | Killed a four-headed hydra
 22479 | Lair:4   | Reached XP level 13. HP: 116/116 MP: 17/17
 22845 | Lair:4   | Found a staircase to the Snake Pit.
 23073 | Lair:5   | Reached skill level 5 in Crossbows
 23680 | Lair:5   | Found a dark tunnel.
 23715 | Lair:5   | Found a staircase to the Slime Pits.
 23788 | Lair:5   | Found a frozen archway.
 23822 | IceCv    | Entered an ice cave
 23869 | IceCv    | Reached ****** piety under Fedhas
 24185 | IceCv    | Reached skill level 12 in Fighting
 24219 | IceCv    | Noticed a reaper
 24654 | IceCv    | Killed a reaper
 24754 | IceCv    | Got a blackened demon whip
 24760 | IceCv    | Identified Maifau's Compendium of Sharkskin
 25529 | Lair:6   | Entered Level 6 of the Lair of Beasts
 25618 | Lair:6   | Found an ornate altar of the Wu Jian Council.
 26364 | Lair:6   | Found a burning altar of Makhleb.
 26631 | Lair:6   | Found a gateway to Hell.
 27234 | D:11     | Reached XP level 14. HP: 115/127 MP: 19/19
 27883 | D:11     | Reached skill level 10 in Crossbows
 28088 | D:11     | Identified the +10 demon whip "Pox Rush" {drain, rPois
                  | Str+2 Dex+4} (You found it in an ice cave)
 28284 | D:12     | Found a staircase to the Orcish Mines.
 29329 | Orc:1    | Entered Level 1 of the Orcish Mines
 29527 | Orc:2    | Entered Level 2 of the Orcish Mines
 29527 | Orc:2    | Found a staircase to the Elven Halls.
 29711 | Orc:2    | Noticed Nessos
 29722 | Orc:2    | Killed Nessos
 30185 | Orc:1    | Reached skill level 13 in Fighting
 30190 | Orc:1    | Noticed a stone giant
 30873 | Orc:2    | Found Avaeffo's Jewellery Shop.
 30873 | Orc:2    | Found Cumitaig's Gadget Boutique.
 30909 | Orc:2    | Found Myute's Food Boutique.
 30911 | Orc:2    | Found Baow's Distillery.
 31340 | Orc:2    | Bought the ring of Gousacox {rElec EV+4 Int+3 Dex+7} for
                  | 1207 gold pieces
 33007 | D:14     | Found an ancient bone altar of Kikubaaqudgha.
 33110 | D:14     | Reached skill level 5 in Armour
 33171 | D:14     | Reached skill level 5 in Dodging
 33222 | D:14     | Reached XP level 15. HP: 83/136 MP: 22/22
 33332 | D:14     | Found a gate to the Vaults.
 33755 | Shoals:1 | Entered Level 1 of the Shoals
 33918 | Lair:2   | Reached skill level 10 in Invocations
 34239 | Shoals:1 | Noticed a frost giant
 34281 | Lair:2   | Killed a frost giant
 34730 | Shoals:1 | Reached skill level 14 in Fighting
 36459 | Shoals:2 | Noticed a kraken
 36925 | Shoals:2 | Identified a scroll of acquirement
 36939 | Shoals:2 | Acquired a manual of Invocations
 37373 | Shoals:3 | Reached skill level 1 in Shields
 37581 | Shoals:3 | Noticed a kraken
 38315 | Snake:1  | Entered Level 1 of the Snake Pit
 39430 | Snake:1  | Noticed Azrael
 39446 | Snake:1  | Killed Azrael
 39455 | Snake:1  | Reached XP level 16. HP: 144/147 MP: 24/24
 40151 | Snake:2  | Noticed Nikola
 40176 | Snake:2  | Killed Nikola
 40222 | Snake:2  | Noticed Frances
 40414 | Snake:2  | Killed Frances
 40418 | Snake:2  | Reached skill level 5 in Shields
 40495 | Snake:2  | Reached skill level 15 in Fighting
 42473 | Snake:4  | Entered Level 4 of the Snake Pit
 42991 | Snake:3  | Reached skill level 16 in Fighting
 43844 | Snake:4  | Noticed Saint Roka
 43950 | Snake:4  | Killed Saint Roka
 43950 | Snake:4  | Reached XP level 17. HP: 151/159 MP: 21/26
 44944 | Snake:4  | Found Ceeh's Armour Shop.
 45933 | Snake:4  | Reached skill level 17 in Fighting
 46007 | Snake:4  | Reached skill level 15 in Invocations
 46843 | Snake:4  | Got a serpentine rune of Zot
 47298 | Shoals:3 | Killed a kraken
 47843 | Shoals:4 | Entered Level 4 of the Shoals
 48898 | Shoals:4 | Noticed Mara
 48994 | Shoals:4 | Noticed oldriver's illusion
 49088 | Shoals:4 | Noticed oldriver's illusion
 49110 | Shoals:4 | Noticed oldriver's illusion
 49111 | Shoals:4 | Killed Mara
 49231 | Shoals:4 | Reached XP level 18. HP: 152/171 MP: 30/30
 49798 | Shoals:4 | Found a runed translucent door.
 49803 | Shoals:4 | Noticed reptisaurus's ghost (adept HaAr)
 49969 | Shoals:4 | Found a runed translucent door.
 50085 | Shoals:4 | Got a barnacled rune of Zot
 50763 | D:15     | Entered Level 15 of the Dungeon
 50955 | D:15     | Reached skill level 18 in Fighting
 51209 | D:15     | Found a shattered altar of Ashenzari.
 51438 | D:15     | Found a staircase to the Depths.
 51566 | D:14     | Got an ancient spear
 51568 | D:14     | Identified the cursed +2 spear of the Witching Dragonfly
                  | {freeze, *Rage rC+ Dex+4} (You found it on level 14 of the
                  | Dungeon)
 51616 | Vaults:1 | Entered Level 1 of the Vaults
 52125 | Vaults:1 | Got a spiked leather armour
 52126 | Vaults:1 | Identified the +1 leather armour of Insatiable Hunger {+Fly
                  | Regen+ Str+5} (You found it on level 1 of the Vaults)
 52180 | Vaults:1 | Reached skill level 1 in Evocations
 54105 | Vaults:2 | Paralysed by a sphinx for 2 turns
 54713 | Vaults:2 | Reached XP level 19. HP: 178/181 MP: 31/31
 55001 | Vaults:2 | Reached skill level 5 in Evocations
 55627 | Vaults:2 | Reached skill level 19 in Fighting
 56565 | Vaults:2 | You are sucked into a shaft and drop 1 floor!
 57302 | Vaults:2 | Found a staircase to the Crypt.
 58654 | Vaults:3 | Paralysed by an ogre mage for 7 turns
 59408 | Vaults:3 | Reached skill level 20 in Fighting
 59422 | Vaults:3 | Reached XP level 20. HP: 163/193 MP: 32/32
 59772 | Vaults:3 | Paralysed by a lich for 7 turns
 60038 | Vaults:3 | You are sucked into a shaft and drop 1 floor!
 60076 | Vaults:4 | Reached skill level 10 in Evocations
 61936 | Vaults:4 | Noticed Margery
 62374 | Vaults:4 | Reached skill level 21 in Fighting
 62561 | Vaults:4 | Got a smoking ring mail
 62571 | Vaults:4 | Identified the +6 ring mail of Minor Irritation {rC- Dex+2
                  | SInv Stlth+} (You found it on level 4 of the Vaults)
 62794 | Depths:1 | Entered Level 1 of the Depths
 64357 | Depths:1 | Reached XP level 21. HP: 206/206 MP: 33/33
 64368 | Depths:1 | Reached skill level 22 in Fighting
 64908 | Depths:1 | Found a runed translucent door.
 64912 | Depths:1 | Found a radiant altar of Vehumet.
 64912 | Depths:1 | Noticed an ancient lich
 66280 | Elf:1    | Entered Level 1 of the Elven Halls
 66480 | Elf:1    | Reached skill level 1 in Stealth
 67072 | Elf:1    | Found Cerph's Food Shop.
 68453 | Elf:2    | Noticed Roxanne
 68484 | Elf:2    | Found a runed translucent gate.
 68485 | Elf:2    | Found a runed translucent gate.
 68497 | Elf:2    | Found a runed translucent gate.
 68637 | Elf:2    | Killed Roxanne
 68792 | Elf:3    | Entered Level 3 of the Elven Halls
 69923 | Elf:3    | Reached skill level 10 in Armour
 69964 | Elf:3    | Reached skill level 10 in Dodging
 70284 | Elf:3    | Found a portal to a secret trove of treasure.
 70516 | Elf:3    | Identified the cursed +1 plate armour of Beogh's Pride
                  | {-Cast rElec Slay+3}
 71014 | Elf:3    | Identified the cursed +1 dagger of the Badger {holy, rElec
                  | rN+}
 71355 | Elf:3    | Identified the cursed +1 trident of Broken Luck {elec,
                  | +Blink Str+4 Dex+5 Stlth+}
 71355 | Elf:3    | Identified the amulet of Jeul {Acrobat rElec Int-4 Dex+6}
 71360 | Elf:2    | Reached XP level 22. HP: 217/217 MP: 34/34
 72213 | Elf:3    | Reached skill level 23 in Fighting
 72578 | Elf:3    | Identified the cursed +1 leather armour of Impressiveness
                  | {Harm rC++}
 72971 | Elf:3    | Identified the +10 scimitar "Efyavva" {pain, +Inv rF- SInv}
 73496 | Elf:3    | Got a pair of masterwork gloves
 73507 | Elf:3    | Identified the +2 pair of gloves "Cugrotu" {rC+ Slay+3}
                  | (You found it on level 3 of the Elven Halls)
 73538 | Elf:3    | Found the -2 hat of the Alchemist {rElec rPois rF+ rC+ rN+
                  | MR+ rMut rCorr}
 73624 | Elf:3    | Got a shimmering hand crossbow
 73743 | Elf:3    | Identified the +1 hand crossbow of Pugiq {flame, +Blink rC+
                  | Dex-2} (You found it on level 3 of the Elven Halls)
 74568 | Orc:1    | Noticed Jorgrun
 74596 | Orc:1    | Killed Jorgrun
 75223 | Orc:2    | Bought a wand of iceblast (10) for 196 gold pieces
 75223 | Orc:2    | Bought a wand of disintegration (7) for 154 gold pieces
 75223 | Orc:2    | Bought a wand of disintegration (18) for 308 gold pieces
 75460 | Crypt:1  | Entered Level 1 of the Crypt
 75838 | Crypt:1  | Noticed Bai Suzhen
 75864 | Crypt:1  | Killed Bai Suzhen
 76020 | Crypt:1  | Noticed Donald
 76031 | Crypt:1  | Killed Donald
 77964 | Crypt:3  | Entered Level 3 of the Crypt
 77976 | Crypt:3  | Noticed a curse toe
 78844 | Depths:2 | Found a runed translucent door.
 78844 | Depths:2 | Found a shimmering altar of Xom.
 78844 | Depths:2 | Noticed Djon's ghost (adept FoAK)
 78844 | Depths:2 | Identified the +0 scimitar "Xiadimet" {chaos, +Rage Int+3}
 79410 | Depths:2 | Reached XP level 23. HP: 220/229 MP: 35/35
 79482 | Depths:2 | Reached skill level 24 in Fighting
 80545 | Depths:2 | Identified the +1 ring mail "Aliucuus" {rPois rC- Int+5}
                  | (You found it on level 2 of the Depths)
 80665 | Depths:3 | Found a snail-covered altar of Cheibriados.
 82190 | Vaults:5 | Entered Level 5 of the Vaults
 82287 | Vaults:5 | Identified the cursed +1 demon trident of the Aged People
                  | {freeze, Int+3 Dex+2}
 83272 | Vaults:5 | Reached skill level 10 in Shields
 83318 | Vaults:5 | Noticed an ancient lich
 83487 | Vaults:4 | Killed an ancient lich
 83487 | Vaults:4 | Reached skill level 25 in Fighting
 83792 | Vaults:5 | Identified the cursed +0 robe "Ynneshil" {rElec Str+3 Int+4
                  | Stlth-}
 83792 | Vaults:5 | Identified the ring "Qiawkips" {Wiz rElec MR+ Str+4 Stlth+}
 83843 | Vaults:5 | Identified the +7 dagger "Ramosch" {flame, rC+}
 83892 | Vaults:5 | Reached XP level 24. HP: 203/243 MP: 35/35
 84469 | Vaults:4 | Killed Margery
 85021 | Vaults:4 | Reached skill level 26 in Fighting
 85828 | Vaults:5 | Found the +9 scales of the Dragon King {rPois rF+ rC+ MR+}
 85828 | Vaults:5 | Found Estrun's Food Shop.
 85832 | Vaults:5 | Identified the Reference Book on the Icy Rocks
 85904 | Vaults:5 | Found Fucagyuq's Magic Scroll Shoppe.
 85919 | Vaults:5 | Bought a scroll of enchant weapon for 150 gold pieces
 85919 | Vaults:5 | Bought a scroll of enchant weapon for 150 gold pieces
 85919 | Vaults:5 | Bought a scroll of enchant armour for 150 gold pieces
 85919 | Vaults:5 | Bought a scroll of enchant armour for 150 gold pieces
 86206 | Vaults:5 | Got a silver rune of Zot
 86329 | Vaults:5 | Found Aneik's Distillery.
 86333 | Vaults:5 | Bought a potion of heal wounds for 55 gold pieces
 86333 | Vaults:5 | Bought a potion of heal wounds for 55 gold pieces
 86333 | Vaults:5 | Bought a potion of curing for 33 gold pieces
 86333 | Vaults:5 | Bought a potion of invisibility for 88 gold pieces
 86333 | Vaults:5 | Bought a potion of might for 44 gold pieces
 86345 | Vaults:5 | Found Fyckiezi's Food Boutique.
 88388 | Depths:3 | Found a large runed translucent door.
 88389 | Depths:3 | Found a large runed translucent door.
 88389 | Depths:3 | Noticed radhat240's ghost (adept MiFi)
 88699 | Depths:3 | Found a one-way gate leading to the halls of Pandemonium.
 88814 | Depths:3 | Reached skill level 5 in Stealth
 88849 | Depths:3 | Noticed a juggernaut
 88855 | Depths:3 | Killed a juggernaut
 88930 | Depths:3 | Reached XP level 25. HP: 255/255 MP: 35/35
 89256 | Depths:4 | Found a gateway to a ziggurat.
 90248 | Depths:4 | Reached skill level 27 in Fighting
 90498 | Depths:4 | Noticed a greater mummy
 90512 | Depths:4 | Killed a greater mummy
 90574 | Depths:4 | Found the amulet of Vitality {Regen+ HP+15}
 90574 | Depths:4 | Noticed a greater mummy
 90791 | Depths:4 | Found a one-way gate to the infinite horrors of the Abyss.
 90792 | Depths:4 | Noticed Louise
 90815 | Depths:4 | Killed Louise
 91059 | Depths:4 | Noticed a greater mummy
 91073 | Depths:4 | Killed a greater mummy
 91250 | Depths:4 | Killed a greater mummy
 91461 | Depths:5 | Entered Level 5 of the Depths
 93321 | Depths:5 | Found a gate to the Realm of Zot.
 93634 | Zot:1    | Entered Level 1 of the Realm of Zot
 94031 | Depths:5 | Reached XP level 26. HP: 266/266 MP: 35/35
 97553 | Zot:3    | Noticed an ancient lich
 97942 | Zot:2    | Killed an ancient lich
 98566 | Zot:3    | Reached skill level 15 in Armour
 98566 | Zot:3    | Reached skill level 15 in Dodging
 98885 | Zot:3    | Reached XP level 27. HP: 273/273 MP: 35/35
101824 | Zot:5    | Entered Level 5 of the Realm of Zot
103067 | Zot:5    | Noticed an ancient lich
103192 | Zot:5    | Killed an ancient lich
103314 | Zot:5    | Noticed an orb of fire
103337 | Zot:5    | Killed an orb of fire
103348 | Zot:5    | Noticed an ancient lich
103355 | Zot:5    | Killed an ancient lich
103481 | Zot:5    | Noticed an ancient lich
103617 | Zot:5    | Killed an ancient lich
103701 | Zot:5    | Noticed an ancient lich
103720 | Zot:5    | Killed an ancient lich
103725 | Zot:5    | Noticed an ancient lich
103760 | Zot:4    | Killed an ancient lich
103951 | Zot:5    | Noticed an ancient lich
103964 | Zot:5    | Killed an ancient lich
104175 | Zot:5    | Noticed an orb of fire
104191 | Zot:5    | Gained mutation: [You are frail. (-10% HP)] [an orb of
                  | fire]
104192 | Zot:5    | Killed an orb of fire
104204 | Zot:5    | Noticed an ancient lich
104247 | Zot:5    | Killed an ancient lich
104510 | Zot:5    | Noticed an ancient lich
104546 | Zot:5    | Killed an ancient lich
105363 | Zot:5    | Got the Orb of Zot
105809 | Depths:4 | Noticed Ynuhimah the pandemonium lord
106299 | D:$      | Escaped with the Orb!

Illustrated notes

Levels and vault maps discovered:
D:1:      saegor_arrival_miasma, layout_basic
D:2:      layout_basic, uniq_sigmund
D:3:      layout_basic, first_ration, uniq_ijyb
D:4:      layout_layer_cave, minmay_temple_entry_junction_2, minivault_23,
          minmay_curled_crystal, uniq_natasha
D:5:      layout_loops_cross, overflow_temple_1_default, uniq_eustachio
D:6:      layout_basic
D:7:      layout_loops_ring, the_bakery, minmay_misc_feat_roman, uniq_joseph,
          uniq_harold, uniq_duvessa
D:8:      layout_rooms, uniq_grum
D:9:      layout_stronghold, jmf_multi_god_temple, uniq_psyche, uniq_erica
D:10:     layout_cave_pools, erik_lair_island, serial_column_ruins,
          column_ruins_hut, column_ruins_hut, column_ruins_columns_corner,
          column_ruins_open_small, column_ruins_columns_straight,
          column_ruins_columns_straight, uniq_erolcha
D:11:     layout_roguey, serial_bayou_ford_a, kennysheep_windowed_goal
D:12:     layout_cave_pools, orc_0_dummy
D:13:     layout_basic
D:14:     layout_basic, erik_vaults_1, serial_park_tiny_2, basic_altar
D:15:     grunt_enter_depths_hoard, layout_rooms, nicolae_benzene_ring,
          evilmike_ruin_ashenzari
Temple:   kilobyte_greek_temple
Lair:1:   layout_chaotic_city, nicolae_lair_grove_arrangements,
          infiniplex_staircase_pool
Lair:2:   regret_index_wax_grids, layout_long_grid, minmay_shoals_entry_hut
Lair:3:   dragon1_lemuel, layout_chaotic_city, uniq_fannar
Lair:4:   layout_hall_layers, minmay_snake_entry_guardpost_large
Lair:5:   layout_hall_layers, minmay_slime_entry_jelly_boxes,
          portal_ice_cave_entry_imps, nicolae_volcano_entry_hallway,
          nicolae_lair_yak_garden
Lair:6:   evil_forest, layout_cellular_growth, basic_altar
Shoals:1: layout_shoals, st_shoals_ruin
Shoals:2: layout_shoals
Shoals:3: layout_shoals
Shoals:4: shoals_end_grunt_garden, layout_shoals, ebering_ghost_reflecting_pool,
          lightli_airlock, uniq_mara
Snake:1:  layout_rooms, uniq_azrael
Snake:2:  layout_misc_corridors, uniq_frances, uniq_nikola
Snake:3:  layout_chambers
Snake:4:  grunt_snake_rune_pools, layout_cave_town, serial_shops, shop,
          serial_bayou_pond_a, serial_bayou_shore_b, uniq_saint_roka
Orc:1:    layout_diamond_mine, uniq_jorgrun
Orc:2:    st_orc_mages, layout_diamond_mine, uniq_nessos
Elf:1:    eino_elf_arrival_sip, layout_gridlike, serial_shops,
          nicolae_shop_temple_entry_statues_fountains, hangedman_elf_represent,
          corexii_checkpoint_a, nicolae_elf_big_sculpture_3, grunt_megastairs_3
Elf:2:    layout_gridlike, uniq_roxanne
Elf:3:    minmay_elf_hall_not_hex, layout_geoelf_octagon,
          nicolae_trove_entry_diagonal
Vaults:1: nicolae_vaults_three_branches, hangedman_vaults_stream,
          vaults_room_pools, grunt_vaults_trifunnel, grunt_vaults_swirl,
          v_misc_14, v_alt_pattern_1, vaults_standard_mumra_x, vaults_mumra_hex,
          ontoclasm_vaults_loading_screen, layout_vaults_chaotic_city
Vaults:2: v_misc_10, ontoclasm_vaults_fault, nicolae_vaults_network_square,
          minmay_crypt_entry_simple_statues, hangedman_vaults_nodes, v_misc_14,
          v_misc_28, nicolae_vaults_asterisk, ontoclasm_vaults_gateway,
          vaults_room_stairs_pillars, st_diamondy, v_rooms_5, v_misc_2,
          ontoclasm_vaults_twist, vaults_mumra_lcd, layout_vaults_maze_snakey
Vaults:3: v_alt_pattern_5, vaults_room_hallway, v_pattern_1,
          ontoclasm_vaults_chip, vaults_room_fours,
          nicolae_vaults_little_squares_3, nicolae_vaults_hallways_thing,
          vaults_mumra_minichess, v_alt_pattern_2, nicolae_vaults_asterisk,
          layout_vaults_omnibox
Vaults:4: nicolae_vaults_specimen_jars, ontoclasm_vaults_pinch, v_misc_30,
          v_misc_30, v_alt_pattern_1, nicolae_vaults_ninety_degrees, v_misc_28,
          v_alt_pattern_2, v_misc_22, st_squares, v_misc_24, v_misc_16,
          vaults_room_hallway, layout_vaults_big_cross, uniq_margery
Vaults:5: serial_shops
Crypt:1:  statuecave_lemuel, layout_regular_city, nicolae_crypt_small_crypt,
          uniq_donald, uniq_bai_suzhen
Crypt:2:  layout_chaotic_city, eino_tiny_chamber, minmay_misc_feat_hallway,
          nicolae_crypt_twisting_catacombs, grunt_ministairs_6
Crypt:3:  david_glass_crypt, layout_chaotic_city, tomb_entry_forgotten_bobbens,
          grunt_ministairs_3, tombwall_bobbens
Depths:1: layout_basic, bh_walls_and_bars, hell_entry, hangedman_decor_riveting,
          grunt_absolute_annihilation
Depths:2: minmay_the_grid_triangle_9x9_rhombus_thin
          [minmay_the_grid_triangle_9x9_odd_lines,
          minmay_the_grid_triangle_9x9_prize_top_heavy,
          minmay_the_grid_triangle_9x9_empty,
          minmay_the_grid_triangle_9x9_checkered], layout_honeycomb,
          minmay_staircase_statues_hall_small, hell_entry, ebering_ghost_xom,
          serial_bayou_shore_a
Depths:3: nooodl_heptagram, layout_basic, pan_entry,
          ebering_ghost_disaster_area, cheibriados_altar_1,
          grunt_hell_entry_dis_mu, infiniplex_staircase_pillars_3b
Depths:4: ragdoll_tomb_raider, layout_basic, enter_ziggurat_a,
          infiniplex_staircase_star, nicolae_abyss_entry_one_way_or_another,
          grunt_mini_vestibule
Depths:5: grunt_bruiser_brothers, layout_cave_shapes, serial_bayou_pond_a,
          hell_entry, roderic_roman_lattice
Zot:1:    kennysheep_spiral_hall, layout_misc_corridors
Zot:2:    layout_basic, grunt_ministairs_11
Zot:3:    ebering_klown_carousel, layout_cathedral_of_symmetry
Zot:4:    layout_misc_corridors
Zot:5:    layout_basic

Skill      XL: |  1  2  3  4  5  6  7  8  9 10 11 12 13 14 15 16 17 18 19 20 21 22 23 24 25 26 27 |
---------------+----------------------------------------------------------------------------------+-----
Polearms       | 2 4 5 6 8 10 11 12 13 14 | 14.0
Throwing       | 2 3 |  3.0
Fighting       | 3 4 5 6 8 9 10 11 12 13 14 16 17 18 20 21 22 23 25 26 27 | 27.0
Charms         | 3 |  3.0
Spellcasting   | 2 |  2.0
Invocations    | 3 4 6 7 9 11 13 16 17 | 17.0
Slings         | 2 |  2.2
Bows           | 4 7 9 |  9.1
Armour         | 2 5 6 7 9 10 11 13 15 17 | 17.4
Dodging        | 2 5 6 7 9 10 11 13 15 17 | 17.4
Crossbows      | 3 9 10 | 10.0
Shields        | 3 5 7 10 | 10.0
Evocations     | 4 9 11 14 | 14.0
Stealth        | 3 5 7 |  7.0

Action                   |  1- 3 |  4- 6 |  7- 9 | 10-12 | 13-15 | 16-18 | 19-21 | 22-24 | 25-27 || total
-------------------------+-------+-------+-------+-------+-------+-------+-------+-------+-------++-------
Melee: Spear             |   109 |   199 |   251 |       |       |       |       |       |       ||   559
       Kick              |    10 |    23 |    69 |   207 |   426 |   399 |   666 |   606 |   797 ||  3203
       Trident           |       |       |   103 |   728 |  1218 |       |       |       |       ||  2049
       Demon trident     |       |       |       |       |   114 |  1264 |  1764 |  1272 |  1661 ||  6075
 Fire: Hunting sling     |       |       |     5 |    64 |       |       |       |       |       ||    69
       Shortbow          |       |       |       |   122 |       |       |       |       |       ||   122
       Hand crossbow     |       |       |       |    34 |   511 |   583 |   570 |   681 |   627 ||  3006
Throw: Dart              |       |       |       |     7 |       |       |       |       |       ||     7
 Cast: Infusion          |    15 |    15 |    12 |       |       |       |       |       |       ||    42
Invok: Grow Ballistomyce |       |       |       |       |     1 |     2 |       |       |       ||     3
       Grow Oklob        |       |       |       |       |       |     1 |     1 |       |     4 ||     6
Evoke: Wand              |       |       |     1 |    10 |     6 |       |     9 |     2 |     3 ||    31
       Phial of floods   |       |       |       |       |     1 |     1 |       |     1 |       ||     3
       Tin of tremorston |       |       |       |       |       |     3 |     3 |     3 |       ||     9
       Phantom mirror    |       |       |       |       |       |       |       |     3 |     1 ||     4
       Box of beasts     |       |       |       |       |       |       |       |     1 |       ||     1
  Use: Potion            |     4 |       |     1 |     5 |     3 |     6 |       |     5 |     9 ||    33
       Scroll            |       |       |    13 |       |    29 |    10 |     7 |    18 |     9 ||    86
 Stab: Paralysed         |       |       |     4 |     3 |       |       |       |       |       ||     7
       Distracted        |       |       |       |       |     1 |     1 |     6 |     2 |     4 ||    14
       Sleeping          |       |       |       |       |     2 |     2 |     7 |     7 |    12 ||    30
       Confused          |       |       |       |       |       |       |       |       |     1 ||     1
  Eat: Chunk             |     1 |     6 |    15 |    27 |    39 |    26 |    38 |    29 |    29 ||   210
       Ration            |     1 |       |       |     2 |     1 |     5 |     3 |     5 |     7 ||    24
Armor: Leather armour    |    24 |    49 |   121 |   130 |   215 |   301 |   386 |     6 |       ||  1232
       Ring mail         |       |       |       |    27 |   186 |       |       |   322 |   307 ||   842
       Skin              |       |       |       |       |       |     3 |       |       |       ||     3
Dodge: Dodged            |    35 |    45 |   127 |   402 |   484 |   542 |   658 |   486 |   665 ||  3444
Block: Buckler           |       |       |       |       |    45 |   218 |   224 |    38 |       ||   525
       Kite shield       |       |       |       |       |       |       |       |   542 |   805 ||  1347
       Reflection        |       |       |       |       |       |       |       |    80 |    23 ||   103
